 Dungeon Crawl Stone Soup version bcrawl-1.21.3 (webtiles) character file.

Game seed: 2053744819378716347

219 Flugslaktarn the Skirmisher (level 5, -2/34 HPs)
             Began as a Skeleton Archaeologist on Mar 29, 2020.
             Slain by Grinder (6 damage)
             ... on level 3 of the Dungeon.
             The game lasted 00:02:06 (2550 turns).

Flugslaktarn the Skirmisher (SkAc)                  Turns: 2550, Time: 00:02:07

Health: -2/34      AC: 11    Str: 15 (18) XL:     5   Next: 63%
Magic:  0/5        EV:  8    Int: 13      God:
Gold:   1359       SH:  0    Dex:  5 (7)  Spells: 4/4 levels left

rFire    . . .     SeeInvis .   f - +1 war axe
rCold    + . .     Gourm    .   (no shield)
rNeg     + + +     Faith    .   h - +0 chain mail
rPois    ∞         Spirit   +   c - +1 hat
rElec    .         Reflect  .   (no cloak)
rCorr    .         Harm     .   (no gloves)
MR       .....                  d - +1 pair of boots
Stlth    ..........             (no amulet)
HPRegen  0.11/turn              (no ring)
MPRegen  0.09/turn              (no ring)

@: no status effects
A: no food or potions, cold resistance 1, deterioration 1, negative energy
resistance 3, torment resistance, unbreathing, magic shield, sturdy frame 1,
spell healing
a: no special abilities


You were on level 3 of the Dungeon.
You were not hungry.

You visited 1 branch of the dungeon, and saw 3 of its levels.

You collected 1359 gold pieces.

Inventory:

Hand Weapons
 a - a +0 whip
 f - a +1 war axe (weapon)
   (You took it off an orc on level 3 of the Dungeon)
 j - a +2 short sword of protection
   (You took it off a kobold on level 1 of the Dungeon)
 m - a +0 hand axe
   (You found it on level 2 of the Dungeon)
Armour
 c - a +1 hat (worn)
 d - a +1 pair of boots (worn)
 h - a +0 chain mail (worn)
   (You found it on level 1 of the Dungeon)
Scrolls
 e - a scroll of magic mapping
 g - a scroll of blinking {unknown}
 i - a scroll of teleportation {unknown}
 k - a scroll of enchant armour
 l - a scroll of remove curse {unknown}
 o - a scroll of noise
 p - a scroll of immolation {unknown}


   Skills:
 + Level 4.4 Fighting
 * Level 3.1(3.2) Axes
 - Level 1.2(2.3) Maces & Flails
 + Level 1.7 Armour
 - Level 3.0 Dodging
 - Level 3.6 Stealth


You had 4 spell levels left.
You didn't know any spells.
Your spell library was empty.

Dungeon Overview and Level Annotations

Branches:
Dungeon (3/12)

Altars:
Cheibriados
Lugonu
The Shining One

Annotations:
D:3 Grinder


Innate Abilities, Weirdness & Mutations

You do not eat or drink.
You are immune to poison.
Your flesh is cold resistant. (rC+)
Your body sometimes deteriorates upon taking damage.
You are immune to negative energy. (rN+++)
You are immune to unholy pain and torment.
You can survive without breathing.
When hurt, damage is shared between your health and your magic reserves.
Your movements are slightly less encumbered by armour. (ER -2)
Casting spells heals you.


Message History

You miss the adder.
Grinder says, "Just stop there for a second..."
Grinder closely misses you. The adder bites you but does no damage.
You hit Grinder.
Grinder is moderately wounded.
You completely miss the adder. The adder barely misses you.
Grinder blinks!
The adder bites you but does no damage. The adder barely misses you.
You miss the adder.
The adder is severely wounded.
You slash Grinder!
The adder bites you but does no damage. x2
Grinder gestures at you. You resist with some effort.
You hit Grinder.
Grinder is heavily wounded.
You slash the adder!
You kill the adder!
You feel your strength returning. Grinder hits you!
You die...

#......##.........########.
#.....$##..................
#......##..................
#......##..............#...
......#.....................
....# #.#.....#######'###.#.
5.. #.#..##.#######.# #... .
###.............#####.
#..@5.........#...#.
#............##.#.#.
#))..........##.#.#.
...................o...
...................o...
...........(.............
.........................
.........................
.........................


You could see Grinder.

Vanquished Creatures
  A scorpion (D:3)
  A crimson imp (D:3)
  An orc wizard (D:2)
  5 adders
  An ooze (D:1)
  2 dart slugs (D:2)
  A leopard gecko (D:1)
  7 orcs (D:3)
  2 bats (D:1)
  2 giant cockroaches
  8 goblins
  3 hobgoblins
  5 kobolds
  3 quokkas
  3 frilled lizards
  6 rats
51 creatures vanquished.

Notes
Turn   | Place    | Note
-------+----------+-------------------------------------------
     0 | D:1      | Flugslaktarn the Skeleton Archaeologist began the quest for
                  | the Orb.
     0 | D:1      | Reached XP level 1. HP: 12/12 MP: 1/1
    60 | D:1      | Reached skill level 2 in Fighting
    73 | D:1      | Reached XP level 2. HP: 17/17 MP: 2/2
   719 | D:1      | Reached skill level 3 in Fighting
   769 | D:2      | Reached XP level 3. HP: 23/23 MP: 3/3
  1020 | D:2      | Found a corrupted altar of Lugonu.
  1055 | D:2      | Reached skill level 4 in Fighting
  1055 | D:2      | Reached XP level 4. HP: 28/29 MP: 4/4
  1320 | D:2      | Found a snail-covered altar of Cheibriados.
  1320 | D:2      | Found a glowing golden altar of the Shining One.
  1522 | D:3      | Reached skill level 1 in Axes
  1522 | D:3      | Reached skill level 1 in Armour
  1724 | D:2      | Reached XP level 5. HP: 12/33 MP: 5/5
  1724 | D:2      | Identified a scroll of acquirement
  1911 | D:2      | Identified the +4 rapier "Enkaaxt" {distort, MR- Str+4}
                  | (You acquired it on level 2 of the Dungeon)
  1911 | D:2      | Identified the ring "Wiher" {Ice Int+4} (You acquired it on
                  | level 2 of the Dungeon)
  2495 | D:3      | Noticed Grinder
  2533 | D:3      | Paralysed by Grinder for 4 turns
  2550 | D:3      | Slain by Grinder

Skill      XL: |  1  2  3  4  5 |
---------------+----------------+-----
Fighting       | 2 3 4 |  4.4
Axes           | 2 3 |  3.1
Armour         | 1 |  1.7
Maces & Flails | |  1.2
Dodging        | |  3.0
Stealth        | |  3.6

Action                   |  1- 3 |  4- 6 || total
-------------------------+-------+-------++-------
Melee: Whip              |    94 |       ||    94
       Short sword       |    58 |   302 ||   360
       War axe           |       |    61 ||    61
  Use: Scroll            |       |     4 ||     4
 Stab: Sleeping          |     1 |       ||     1
Armor: Robe              |    13 |       ||    13
       Chain mail        |    96 |   282 ||   378
Dodge: Dodged            |   102 |   198 ||   300
